 Dungeon Crawl Stone Soup version 0.30-a0-141-g30f27751c5 (webtiles) character file.

Game seed: 8306957333416445890

3901 qw the Cleaver (level 10, -4/63 HPs)
             Began as a Gargoyle Fighter on Sept 24, 2022.
             Was an Elder of Okawaru.
             Slain by Psyche
             ... wielding a +2 dagger of chaos
              (6 damage)
             ... on level 8 of the Dungeon.
             The game lasted 00:02:48 (6758 turns).

qw the Cleaver (Gargoyle Fighter)                   Turns: 6758, Time: 00:02:49

Health: -4/63      AC:  0    Str: 24    XL:     10   Next: 20%
Magic:  12/14      EV: 13    Int:  9    God:    Okawaru [****..]
Gold:   153        SH:  0    Dex:  9    Spells: 9/9 levels left

rFire   . . .      SeeInvis .    (weapon currently unavailable)
rCold   . . .      Faith    .    (shield currently unavailable)
rNeg    + . .      Spirit   .    (body armour currently unavailable)
rPois   inf        Reflect  .    (helmet currently unavailable)
rElec   .          Harm     .    (cloak currently unavailable)
rCorr   .          Rampage  .    (gloves currently unavailable)
Will    .....                    (boots currently unavailable)
Stlth   +.........               (no amulet)
HPRegen 0.20/turn                (ring currently unavailable)
MPRegen 0.14/turn                (ring currently unavailable)

@: mighty, pig-form, very quick
A: fast, no casting, sickness immunity, AC +7, small, negative energy resistance
1, (electricity resistance), torment resistance 1, petrification resistance
a: Renounce Religion, Heroism, Finesse


You were on level 8 of the Dungeon.
You worshipped Okawaru.
Okawaru was greatly pleased with you.
You were a filthy swine.
You visited 1 branch of the dungeon, and saw 8 of its levels.

You collected 367 gold pieces.
You spent 214 gold pieces at shops.


Innate Abilities, Weirdness & Mutations

You are a filthy swine.
You move quickly.
Your equipment is almost entirely melded.
You are incapable of wielding weapons or throwing items.
You cannot cast spells.
You are immune to sickness and miasma.
((Your stone body is resilient. (AC +7)))
You are immune to poison.
You resist negative energy. (rN+)
((You are resistant to electric shocks. (rElec)))
You are resistant to unholy torment.
You are immune to petrification.


   Skills:
 - Level 7.0 Fighting
 + Level 9.6 Axes
 - Level 2.0 Throwing
 - Level 6.3 Armour
 - Level 1.2 Dodging
 - Level 4.2 Shields
 + Level 5.7 Invocations


You had 9 spell levels left.
You didn't know any spells.
Your spell library was empty.

Inventory:

Hand Weapons
 c - a +0 flail
 q - a +0 spectral war axe (melded)
Missiles
 f - a boomerang
 u - 9 javelins
Armour
 e - a +2 buckler (melded)
 k - a +0 plate armour (melded)
 n - a +0 pair of boots (melded)
 s - a +0 cloak
 t - a scarf of repulsion (melded)
Scrolls
 i - a scroll of teleportation
 p - 2 scrolls of identify
 v - a scroll of immolation {unknown}
Potions
 a - 3 potions of heal wounds
 b - 2 potions of attraction
 d - 2 potions of might
 g - 7 potions of curing
 h - 5 potions of lignification
 j - 2 potions of cancellation
 l - 2 potions of haste
 m - a potion of mutation {unknown}
 o - a potion of degeneration {unknown}
 r - a potion of magic {unknown}

Dungeon Overview and Level Annotations

Branches:
Dungeon (8/15)             Temple (0/1) D:7
   Lair: D:8-11

Altars:
Ashenzari
Gozag
Okawaru
Sif Muna
Wu Jian
Yredelemnul

Shops:
D:5 *

Annotations:
D:8 Psyche


Message History

Your +0 pair of boots melds into your body.
Your +2 buckler melds into your body.
Your +0 plate armour melds into your body.
Your spectral weapon disappears.
The haze of the repulsion field disappears.
You swing at nothing.
You barely miss something. Something hits you!
You swing at nothing.
Something hits you.
You swing at nothing.
Something hits you!
You swing at nothing.
You hear some strange, mumbled words.
You swing at nothing.
You hear some strange, mumbled words.
A swirling arc of seething chaos appears!
An arc of chaos appears from out of thin air!
The arc of chaos hits you but does no damage.
You resist.
You bite something! Something hits you! Something burns you.
You hit something but do no damage. Something hits you.
You feel your power leaking away.
You completely miss something. Something barely misses you.
You miss something. Something hits you.
You feel very mighty all of a sudden.
You closely miss something. Something hits you! Space warps around you.
You barely miss something.
You hear some strange, mumbled words.
A swirling arc of seething chaos appears!
An arc of chaos appears from out of thin air!
The arc of chaos hits you.
You miss something. Something hits you.
You die...

...##.###### #.#
...#.....(.#
...#.......##
............#
............#
....#.......#
...########.#########.##
.....# #..............#
.>...# #.......h{.....#
.[...# #..............#
.....# #.....!..!......
.....# #........$......
.....# #...............
.....# #...............
.....# ###..[..........
.....# ############?#
.....#


There were no monsters in sight!

Vanquished Creatures
  4 yaks (D:8)
  An unseen horror simulacrum (D:8)
  2 black bears
  2 orc warriors (D:7)
  A sky beast (D:7)
  2 ice beasts
  2 ogres
  2 wolves (D:8)
  2 centaurs (D:7)
  Blork the orc (D:6)
  A kobold brigand (D:6)
  7 scorpions
  A necrophage (D:6)
  5 wights (D:6)
  6 killer bees (D:7)
  3 howler monkeys
  2 electric eels (D:8)
  A jelly (D:7)
  4 orc priests
  2 hounds
  An iguana (D:4)
  5 orc wizards
  A centaur simulacrum (D:8)
  15 gnolls
  4 adders
  2 shadow imps
  A white imp (D:8)
  4 ufetubi
  4 worms
  4 dart slugs
  22 orcs
  3 bats
  5 endoplasms
  2 giant cockroaches
  9 goblins
  5 hobgoblins
  5 jackals
  2 quokkas (D:2)
  8 ball pythons
  4 frilled lizards
  16 kobolds
  5 rats
178 creatures vanquished.

Vanquished Creatures (others)
  23 plants (D:2)
23 creatures vanquished.

Grand Total: 201 creatures vanquished

Notes
Turn   | Place    | Note
-------+----------+-------------------------------------------
     0 | D:1      | qw the Gargoyle Fighter began the quest for the Orb.
     0 | D:1      | Reached XP level 1. HP: 14/14 MP: 1/1
     0 | D:1      | 0 ||| qw: Version: 0.1.0-9-gbc19398
     0 | D:1      | 0 ||| qw: Game counter: 62
     0 | D:1      | 0 ||| qw: Always use a shield: true
     0 | D:1      | 0 ||| qw: God list: Okawaru
     0 | D:1      | 0 ||| qw: Allow faded altars: false
     0 | D:1      | 0 ||| qw: Do Orc after D:15 true
     0 | D:1      | 0 ||| qw: Do second Lair branch before Depths: true
     0 | D:1      | 0 ||| qw: Lair rune preference: random
     0 | D:1      | 0 ||| qw: Plans: Normal, Zot:1-4, God:TSO, Crypt, Tomb,
                  | Pan, Slime:5, Hells, Abyss, Orb
     0 | D:1      | 0 ||| PLANNING D:1-11
    76 | D:1      | Reached skill level 2 in Axes
   103 | D:1      | 103 ||| Stepping ~*~*~tactically~*~*~ (stealth).
   352 | D:1      | 352 ||| Stepping ~*~*~tactically~*~*~ (stealth).
   355 | D:1      | 355 ||| Stepping ~*~*~tactically~*~*~ (stealth).
   356 | D:1      | 356 ||| Stepping ~*~*~tactically~*~*~ (stealth).
   357 | D:1      | 357 ||| Stepping ~*~*~tactically~*~*~ (stealth).
   361 | D:1      | 361 ||| Stepping ~*~*~tactically~*~*~ (stealth).
   364 | D:1      | Reached XP level 2. HP: 18/19 MP: 2/2
   626 | D:1      | 626 ||| Stepping ~*~*~tactically~*~*~ (hiding).
   630 | D:1      | 630 ||| Stepping ~*~*~tactically~*~*~ (hiding).
   781 | D:1      | 781 ||| Stepping ~*~*~tactically~*~*~ (stealth).
   786 | D:1      | Reached skill level 3 in Axes
   791 | D:1      | 791 ||| Stepping ~*~*~tactically~*~*~ (stealth).
   931 | D:1      | Reached XP level 3. HP: 23/23 MP: 3/3
   960 | D:1      | 960 ||| READING scroll labelled GIRODGH JUNY.
   961 | D:1      | 961 ||| DRINKING 3 fuming ruby potions.
   962 | D:1      | 962 ||| DRINKING 2 silvery potions.
  1067 | D:1      | 1067 ||| DROPPING potion of berserk rage.
  1391 | D:2      | HP: 5/23 [worm (7)]
  1698 | D:2      | Reached XP level 4. HP: 18/28 MP: 4/4
  1834 | D:2      | 1834 ||| Stepping ~*~*~tactically~*~*~ (hiding).
  1838 | D:2      | 1838 ||| Stepping ~*~*~tactically~*~*~ (hiding).
  1860 | D:2      | Reached skill level 4 in Axes
  1877 | D:2      | 1877 ||| FLEEEEING.
  1878 | D:2      | 1878 ||| FLEEEEING.
  1880 | D:2      | 1880 ||| FLEEEEING.
  1881 | D:2      | 1881 ||| FLEEEEING.
  1882 | D:2      | 1882 ||| FLEEEEING.
  1883 | D:2      | 1883 ||| FLEEEEING.
  1884 | D:2      | 1884 ||| FLEEEEING.
  1885 | D:2      | 1885 ||| FLEEEEING.
  1901 | D:2      | 1901 ||| FLEEEEING.
  1918 | D:2      | 1918 ||| FLEEEEING.
  1919 | D:2      | 1919 ||| Stepping ~*~*~tactically~*~*~ (stealth).
  1920 | D:2      | 1920 ||| Stepping ~*~*~tactically~*~*~ (stealth).
  1921 | D:2      | 1921 ||| Stepping ~*~*~tactically~*~*~ (stealth).
  1923 | D:2      | 1923 ||| FLEEEEING.
  1926 | D:2      | 1926 ||| FLEEEEING.
  1929 | D:2      | 1929 ||| FLEEEEING.
  1930 | D:2      | 1930 ||| FLEEEEING.
  1935 | D:2      | 1935 ||| FLEEEEING.
  1936 | D:2      | 1936 ||| FLEEEEING.
  1937 | D:2      | 1937 ||| FLEEEEING.
  1938 | D:2      | 1938 ||| STAIRDANCE
  2027 | D:1      | 2027 ||| UPGRADING to +2 buckler.
  2037 | D:1      | 2037 ||| DROPPING +0 buckler.
  2038 | D:1      | 2038 ||| UPGRADING to +0 chain mail.
  2048 | D:1      | 2048 ||| DROPPING +0 scale mail.
  2192 | D:2      | 2192 ||| DROPPING +0 mace.
  2462 | D:2      | 2462 ||| READING scroll labelled REEQIA BISHAMA.
  2487 | D:3      | 2487 ||| STAIRDANCE
  2536 | D:3      | Found a shimmering blue altar of Sif Muna.
  2656 | D:3      | Reached XP level 5. HP: 32/32 MP: 5/5
  2704 | D:3      | Found a faded altar of an unknown god.
  2728 | D:3      | Found an opulent altar of Gozag.
  2731 | D:3      | Found an ornate altar of the Wu Jian Council.
  2731 | D:3      | Found an iron altar of Okawaru.
  2768 | D:3      | 2768 ||| Stepping ~*~*~tactically~*~*~ (stealth).
  2769 | D:3      | 2769 ||| Stepping ~*~*~tactically~*~*~ (stealth).
  2771 | D:3      | 2771 ||| Stepping ~*~*~tactically~*~*~ (hiding).
  2786 | D:3      | 2786 ||| Stepping ~*~*~tactically~*~*~ (stealth).
  3008 | D:3      | 3008 ||| Stepping ~*~*~tactically~*~*~ (hiding).
  3016 | D:3      | Reached skill level 5 in Axes
  3076 | D:3      | 3076 ||| Stepping ~*~*~tactically~*~*~ (stealth).
  3221 | D:3      | 3221 ||| UPGRADING to +0 pair of boots.
  3226 | D:3      | 3226 ||| READING scroll labelled PYLANEN IXU.
  3227 | D:3      | 3227 ||| DRINKING 2 green potions.
  3228 | D:3      | 3228 ||| DRINKING 2 lumpy brown potions.
  3257 | D:3      | 3257 ||| DROPPING potion of brilliance.
  3292 | D:3      | Became a worshipper of Warmaster Okawaru
  3370 | D:4      | Identified the +1 dagger "Mauxt" {speed, rPois}
  3389 | D:4      | Found a broken altar of Ashenzari.
  3552 | D:4      | Noticed an ogre
  3561 | D:4      | Killed an ogre
  3562 | D:4      | Reached XP level 6. HP: 40/40 MP: 6/6
  3836 | D:4      | 3836 ||| READING scroll labelled KOZXAO TEIHO.
  3837 | D:4      | 3837 ||| READING scroll labelled JUDANA LUIPP.
  3840 | D:4      | 3840 ||| DRINKING 3 purple potions.
  3841 | D:4      | 3841 ||| DRINKING 3 smoky silvery potions.
  3842 | D:4      | 3842 ||| READING 3 scrolls of identify.
  3842 | D:4      | 3842 ||| IDENTIFYING sapphire potion
  3843 | D:4      | 3843 ||| READING 2 scrolls of identify.
  3843 | D:4      | 3843 ||| IDENTIFYING lumpy yellow potion
  3874 | D:5      | Entered Level 5 of the Dungeon
  3894 | D:5      | Reached * piety under Okawaru
  3895 | D:5      | Reached skill level 6 in Axes
  3895 | D:5      | Reached XP level 7. HP: 44/44 MP: 7/7
  3938 | D:5      | Reached skill level 1 in Invocations
  3956 | D:5      | Reached skill level 1 in Dodging
  3992 | D:5      | 3992 ||| INVOKING Heroism.
  4103 | D:5      | Identified the +0 leather armour of the Trout {rElec rC-
                  | Int+2 Stlth+}
  4124 | D:5      | Reached skill level 3 in Invocations
  4165 | D:5      | 4165 ||| INVOKING Heroism.
  4173 | D:5      | Reached XP level 8. HP: 47/48 MP: 7/10
  4216 | D:5      | Found Giuff's Neck Hole.
  4224 | D:5      | 4224 ||| BUYING +0 cloak (58 gold).
  4224 | D:5      | Bought a +0 cloak for 58 gold pieces
  4224 | D:5      | 4224 ||| SHOPLISTING +0 cloak of Protective Custody {-Cast
                  | rF+ rC++} (377 gold, have 181).
  4224 | D:5      | 4224 ||| SHOPLISTING amulet of reflection (390 gold, have
                  | 181).
  4224 | D:5      | 4224 ||| SHOPLISTING amulet of the acrobat (390 gold, have
                  | 181).
  4224 | D:5      | 4224 ||| BUYING scarf of repulsion (156 gold).
  4224 | D:5      | Bought a scarf of repulsion for 156 gold pieces
  4470 | D:5      | 4470 ||| UPGRADING to +0 cloak.
  4475 | D:5      | 4475 ||| UPGRADING to scarf of repulsion.
  4485 | D:5      | 4485 ||| READING scroll labelled BOTWOA BAHUO.
  4486 | D:5      | 4486 ||| READING scroll labelled GIL YP LONY.
  4487 | D:5      | 4487 ||| DRINKING 2 inky potions.
  4488 | D:5      | 4488 ||| DROPPING potion of invisibility.
  4551 | D:6      | 4551 ||| Stepping ~*~*~tactically~*~*~ (hiding).
  4560 | D:6      | 4560 ||| FLEEEEING.
  4561 | D:6      | 4561 ||| FLEEEEING.
  4562 | D:6      | 4562 ||| FLEEEEING.
  4563 | D:6      | 4563 ||| FLEEEEING.
  4564 | D:6      | 4564 ||| FLEEEEING.
  4565 | D:6      | 4565 ||| FLEEEEING.
  4566 | D:6      | 4566 ||| FLEEEEING.
  4567 | D:6      | 4567 ||| FLEEEEING.
  4568 | D:6      | 4568 ||| STAIRDANCE
  4667 | D:6      | Noticed Blork the orc
  4668 | D:6      | 4668 ||| Stepping ~*~*~tactically~*~*~ (hiding).
  4670 | D:6      | 4670 ||| Stepping ~*~*~tactically~*~*~ (hiding).
  4672 | D:6      | 4672 ||| INVOKING Heroism.
  4684 | D:6      | Killed Blork the orc
  4685 | D:6      | Reached skill level 1 in Throwing
  4793 | D:6      | Reached skill level 7 in Axes
  4797 | D:6      | 4797 ||| INVOKING Heroism.
  4803 | D:6      | Reached ** piety under Okawaru
  4816 | D:6      | 4816 ||| INVOKING Heroism.
  4817 | D:6      | 4817 ||| Stepping ~*~*~tactically~*~*~ (hiding).
  4818 | D:6      | 4818 ||| Stepping ~*~*~tactically~*~*~ (hiding).
  4825 | D:6      | Reached skill level 8 in Axes
  4895 | D:6      | 4895 ||| FLEEEEING.
  4896 | D:6      | 4896 ||| FLEEEEING.
  4985 | D:6      | 4985 ||| Stepping ~*~*~tactically~*~*~ (stealth).
  5115 | D:6      | Reached skill level 6 in Fighting
  5239 | D:6      | Found the +4 dagger "Morg" {pain, Will+ Int+5}
  5271 | D:6      | 5271 ||| INVOKING Heroism.
  5282 | D:6      | Reached XP level 9. HP: 55/55 MP: 10/12
  5310 | D:6      | 5310 ||| UPGRADING to +0 plate armour.
  5320 | D:6      | 5320 ||| DROPPING +0 chain mail.
  5321 | D:6      | 5321 ||| READING scroll labelled HONKIO ABRENAO.
  5364 | D:7      | 5364 ||| FLEEEEING.
  5365 | D:7      | 5365 ||| FLEEEEING.
  5366 | D:7      | 5366 ||| FLEEEEING.
  5367 | D:7      | 5367 ||| FLEEEEING.
  5368 | D:7      | 5368 ||| FLEEEEING.
  5369 | D:7      | 5369 ||| FLEEEEING.
  5370 | D:7      | 5370 ||| STAIRDANCE
  5448 | D:7      | Reached *** piety under Okawaru
  5518 | D:7      | Found a basalt altar of Yredelemnul.
  5531 | D:7      | 5531 ||| Stepping ~*~*~tactically~*~*~ (stealth).
  5533 | D:7      | 5533 ||| Stepping ~*~*~tactically~*~*~ (stealth).
  5534 | D:7      | 5534 ||| INVOKING Heroism.
  5667 | D:7      | Found a staircase to the Ecumenical Temple.
  5682 | D:7      | 5682 ||| INVOKING Heroism.
  5688 | D:7      | 5688 ||| Stepping ~*~*~tactically~*~*~ (stealth).
  5693 | D:7      | Reached skill level 9 in Axes
  5722 | D:7      | 5722 ||| Stepping ~*~*~tactically~*~*~ (stealth).
  5907 | D:7      | 5907 ||| INVOKING Heroism.
  6069 | D:7      | 6069 ||| DROPPING ring of flight.
  6070 | D:7      | 6070 ||| READING 2 scrolls of identify.
  6070 | D:7      | 6070 ||| IDENTIFYING coppery potion
  6071 | D:7      | 6071 ||| DROPPING potion of flight.
  6225 | D:8      | 6225 ||| INVOKING Heroism.
  6238 | D:8      | Reached **** piety under Okawaru
  6239 | D:8      | Reached skill level 6 in Armour
  6264 | D:8      | 6264 ||| FLEEEEING.
  6265 | D:8      | 6265 ||| FLEEEEING.
  6303 | D:8      | 6303 ||| INVOKING Heroism.
  6459 | D:8      | 6459 ||| INVOKING Heroism.
  6467 | D:8      | Reached XP level 10. HP: 57/63 MP: 11/13
  6540 | D:8      | 6540 ||| Stepping ~*~*~tactically~*~*~ (hiding).
  6542 | D:8      | 6542 ||| Stepping ~*~*~tactically~*~*~ (hiding).
  6610 | D:8      | 6610 ||| INVOKING Heroism.
  6656 | D:8      | 6656 ||| INVOKING Heroism.
  6742 | D:8      | Noticed Psyche
  6756 | D:8      | HP: 10/63 [something (7)]
  6757 | D:8      | HP: 2/63 [something/chain of chaos (4)]
  6758 | D:8      | Slain by Psyche

Levels and vault maps discovered:
D:1:      grunt_arrival_lava_bath, layout_basic
D:2:      layout_basic, serial_bayou, serial_bayou_crossing,
          serial_bayou_pond_e, serial_bayou_lake_a, serial_bayou_shore_a,
          minmay_3d_cube
D:3:      minmay_chambers_of_twos, layout_rooms, nicolae_sif_muna_condensation,
          chequers_temple_overflow_statue_of_worship,
          hellmonk_ecumenical_altar_crossroads, minmay_ruptured
D:4:      kennysheep_six_static_rooms, layout_basic,
          mainiacjoe_overflow_boulevard
D:5:      layout_gridville, nicolae_shop_sticking_my_neck_out
D:6:      layout_rooms, feat_on_display, uniq_blork_the_orc
D:7:      layout_rooms, mainiacjoe_overflow_paths,
          minmay_temple_entry_statues_fountains, serial_glass, glass_columns_a,
          glass_columns_c, glass_columns_c, glass_columns_c, glass_columns_a,
          glass_columns_a, glass_columns_b, glass_columns_b, glass_columns_c,
          glass_columns_b, nicolae_elevator_lobby_plus
D:8:      layout_basic, kennysheep_mini, serial_ice, serial_ice_i, serial_ice_h,
          serial_ice_m, serial_ice_f, uniq_psyche

Skill      XL: |  1  2  3  4  5  6  7  8  9 10 |
---------------+-------------------------------+-----
Axes           | 2 3 4 5 6 8 9 |  9.6
Fighting       | 4 6 7 |  7.0
Invocations    | 3 4 5 |  5.7
Dodging        | 1 |  1.2
Throwing       | 2 |  2.0
Armour         | 6 |  6.3
Shields        | 4 |  4.2

Action                   |  1- 3 |  4- 6 |  7- 9 | 10-12 || total
-------------------------+-------+-------+-------+-------++-------
Melee: War axe           |   122 |   170 |   178 |    24 ||   494
       Unarmed           |       |       |       |     8 ||     8
Throw: Javelin           |       |       |    37 |     3 ||    40
Invok: Heroism           |       |       |    12 |     2 ||    14
  Use: Potion            |     2 |     4 |     1 |       ||     7
       Scroll            |     1 |     6 |     4 |       ||    11
Armor: Scale mail        |    54 |    17 |       |       ||    71
       Chain mail        |       |    66 |    35 |       ||   101
       Plate armour      |       |       |    68 |     6 ||    74
Dodge: Dodged            |    46 |    59 |    59 |     5 ||   169
       Repelled          |       |       |       |     1 ||     1
Block: Buckler           |    23 |    46 |    49 |     7 ||   125

Table legend:
 A = Non-vault XP
 B = Vault XP
 C = Vault XP percentage of total XP
 D = Non-vault monster count
 E = Vault monster count
 F = Vault count percentage of total count
                 A         B        C        D         E       F
            +---------+---------+-------+---------+---------+-------
      Total |    3919 |    1655 |  29.7 |     148 |      30 |  16.9
            +---------+---------+-------+---------+---------+-------
        D:1 |      35 |       0 |   0.0 |      19 |       0 |   0.0
        D:2 |      91 |      18 |  16.5 |      27 |       3 |  10.0
        D:3 |      58 |      73 |  55.7 |       8 |      10 |  55.6
        D:4 |     138 |     161 |  53.8 |      11 |       6 |  35.3
        D:5 |     638 |       0 |   0.0 |       9 |       0 |   0.0
        D:6 |    1047 |      96 |   8.4 |      28 |       1 |   3.4
        D:7 |    1605 |       0 |   0.0 |      33 |       0 |   0.0
        D:8 |     307 |    1307 |  81.0 |      13 |      10 |  43.5
            +---------+---------+-------+---------+---------+-------
